 Dungeon Crawl Stone Soup version 0.30.1-11-g7821555f0a (webtiles) character file.

Game seed: 7652137932444388666

2771 hawla the Arsonist (level 10, -5/63 HPs)
             Began as a Meteoran Fire Elementalist on Nov 2, 2023.
             Slain by an orc warrior
             ... wielding a +2 trident of flaming
              (8 damage)
             ... on level 8 of the Dungeon on Nov 12, 2023.
             The game lasted 00:23:34 (4861 turns).

hawla the Arsonist (Meteoran Fire Elementalist)     Turns: 4861, Time: 00:23:34

Health: -5/63      AC:  5    Str:  9    XL:     10   Next: 20%
Magic:  17/26      EV: 13    Int: 22    God:
Gold:   373        SH:  0    Dex: 15    Spells: 13/26 levels left

rFire   . . .        v - +4 long sword
rCold   . . .        (no shield)
rNeg    . . .        a - +0 robe
rPois   .            (helmet restricted)
rElec   .            (no cloak)
rCorr   .            (no gloves)
SInv    +            f - +0 pair of boots
Will    +....        o
                       - Hermit's Pendant {Faith Invo=14 Evo=0 MP+5}
Stlth   +            q - ring of see invisible
HPRegen 0.30/turn    (no ring)
MPRegen 0.20/turn

%: faith
@: glowing
A: sense surroundings 2, otherworldly, glowing, explore regen, horns 1,
iridescent scales 1, frail 1, low MP 1
a: no special abilities


You were on level 8 of the Dungeon.
You visited 2 branches of the dungeon, and saw 9 of its levels.

You collected 373 gold pieces.

Inventory:

Hand Weapons
 v - a +4 long sword (weapon)
Armour
 a - a +0 robe (worn)
 f - a +0 pair of boots (worn)
Jewellery
 o - the Hermit's Pendant (around neck) {Faith Invo=14 Evo=0 MP+5}
   (You found it on level 2 of the Dungeon)

   [amulet of faith]

   Invo=14: It sets your Invocations skill to 14.
   Evo=0: It sets your Evocations skill to 0.
   It allows you to gain divine favour quickly.
   MP:        It affects your magic capacity (+5).
 q - a ring of see invisible (left hand)
 u - an amulet of reflection
Wands
 b - a wand of light (5)
 d - a wand of mindburst (17) (quivered)
 r - a wand of roots (10)
 x - a wand of charming (7)
Scrolls
 c - a scroll of identify
 e - 2 scrolls of fear
 g - a scroll of amnesia
 h - a scroll of torment
 n - 5 scrolls of teleportation
 s - a scroll of butterflies {unknown}
 t - a scroll of enchant weapon {unknown}
 w - a scroll of enchant armour {unknown}
Potions
 i - 2 potions of berserk rage
 j - 2 potions of heal wounds {unknown}
 k - a potion of brilliance
 l - a potion of flight {unknown}
 m - a potion of attraction {unknown}
 p - 2 potions of haste {unknown}


   Skills:
 + Level 1.2 Fighting
 + Level 1.4 Long Blades
 + Level 4.1 Dodging
 - Level 1.4 Stealth
 + Level 8.7 Spellcasting
 + Level 6.6 Conjurations
 + Level 0.1 Translocations
 + Level 8.9 Fire Magic
 + Level 6.5 Poison Magic


You had 13 spell levels left.
You knew the following spells:

 Your Spells              Type           Power      Damage    Failure   Level
a - Foxfire               Conj/Fire      100%       2x1d9     1%          1
b - Scorch                Fire           98%        2d9       1%          2
c - Flame Wave            Conj/Fire      44%        2d11      2%          4
d - Olgreb's Toxic Radia  Pois           38%        N/A       4%          4
e - Blink                 Tloc           20%        N/A       10%         2

Your spell library contained the following spells:

 Spells                   Type           Power      Damage    Failure   Level
 Sting                    Tmut/Pois      96%        1d7       1%          1
 Poisonous Vapours        Pois/Air       48%        N/A       2%          2
 Static Discharge         Conj/Air       48%        2-4/arc   2%          2
 Inner Flame              Hex/Fire       29%        N/A       3%          3
 Volatile Blastmotes      Fire/Tloc      58%        2d14      3%          3
 Ozocubu's Armour         Ice            9%         N/A       21%         3
 Portal Projectile        Hex/Tloc       18%        N/A       21%         3
 Tukima's Dance           Hex            9%         N/A       21%         3
 Manifold Assault         Tloc           10%        N/A       54%         4
 Airstrike                Air            4%         2d(1-17)  56%         4
 Summon Lightning Spire   Summ/Air       9%         N/A       56%         4
 Blade Hands              Tmut           4%         N/A       88%         5
 Ozocubu's Refrigeration  Ice            4%         4d8       100%        7
 Storm Form               Tmut/Air       4%         N/A       100%        7


Dungeon Overview and Level Annotations

Branches:
Dungeon (8/15) Zot: 457    Temple (1/1) D:4 Zot: 14
   Lair: D:8-11

Altars:
Ashenzari
Elyvilon
Gozag
Hepliaklqana
Kikubaaqudgha
Makhleb
Nemelex Xobeh
Okawaru
Ru
Trog
Uskayaw
Wu Jian
Xom
Yredelemnul
Zin
The Shining One

Shops:
D:1 (   D:2 *   D:7 :


Innate Abilities, Weirdness & Mutations

You passively map the area around you.
You are easily found by Zot.
You glow in the dark.
You regain HP and MP as you explore.
You have a pair of small horns on your head.
You are partially covered in iridescent scales. (AC +2)
You are frail. (-10% HP)
Your magical capacity is low. (-10% MP)


Message History

An orc comes into view. It is wielding a +1 heavy flail.
The orc shouts!
The orc priest shouts!
There is a stone staircase leading up here.
Casting: Olgreb's Toxic Radiance (dangerous; 4% risk of failure)
Confirm with . or Enter, or press ? or * to list all spells.
You begin to radiate toxic energy.
The orc priest is poisoned.
The orc is poisoned.
The orc priest looks even sicker.
The orc looks even sicker.
An orc warrior comes into view. It is wielding a +2 trident of flaming.
The orc warrior is poisoned.
The orc priest hits you with a +0 dagger.
You hit the orc but do no damage.
The orc is almost dead.
You kill the orc!
Your toxic aura wanes.
The orc priest hits you with a +0 dagger.
You hit the orc priest but do no damage.
Your headbutt misses the orc priest.
The orc priest is almost dead.
The orc priest begins to cast a cantrip, but forgets the words!
The orc warrior misses you.
The orc priest hits you but does no damage.
The orc warrior drinks a potion.
The orc warrior is healed!
The orc warrior looks more healthy.
You completely miss the orc priest.
The orc priest is almost dead.
You kill the orc priest!
The orc warrior hits you from afar with a +2 trident of flaming!
The orc warrior burns you.
You are too injured to fight recklessly!
Unknown command.
Casting: Olgreb's Toxic Radiance (dangerous; 4% risk of failure)
Confirm with . or Enter, or press ? or * to list all spells.
Flames lash the orc warrior.
The orc warrior is lightly wounded.
The orc warrior's fire resistance burns away.
The orc warrior hits you from afar with a +2 trident of flaming!!
* * * LOW HITPOINT WARNING * * *
The orc warrior burns you!
You die...

#..........(........# *
#.....#############.#
#..)).# #.#
###.########## #.# , ,,
#####...........# #.#
........#######.######.#
#####...##...........#.#
, ,,
......#.).###.####.#.#
#####...o)@.<..## #.#.#
, *
#.##...##.#.###.#.#####
,
......##.###)...#......
, #.####
##.#.########### * #.
##)## , #.# * * #.### *
#...# ,* ###.#


You could see an orc warrior (combustible).

Vanquished Creatures
  The ghost of laqueoix the Cudgeller, an amateur OgGl of Hepliaklqana (D:5)
  A wyvern (D:7)
  Edmund (D:4)
  2 water moccasins (D:7)
  A sky beast (D:6)
  2 ice beasts (D:5)
  2 centaurs
  An ogre (D:5)
  2 phantoms (D:5)
  2 bullfrogs (D:7)
  A gnoll sergeant (D:5)
  3 scorpions
  5 wights (D:7)
  2 howler monkeys
  2 jellies
  5 orc priests
  4 hounds
  4 iguanas
  2 orc wizards
  5 gnolls
  6 adders
  An ufetubus (D:5)
  2 worms
  2 dart slugs
  29 orcs
  8 ball pythons
  4 endoplasms
  5 giant cockroaches
  6 goblins
  4 hobgoblins
  4 jackals (D:3)
  2 kobolds (D:2)
  4 quokkas
  6 bats
  A frilled lizard (D:2)
  5 rats
137 creatures vanquished.

Vanquished Creatures (collateral kills)
  A foxfire (D:2)
1 creature vanquished.

Vanquished Creatures (others)
  198 foxfires
198 creatures vanquished.

Grand Total: 336 creatures vanquished

Notes
Turn   | Place    | Note
-------+----------+-------------------------------------------
     0 | D:1      | hawla the Meteoran Fire Elementalist began the quest for
                  | the Orb.
     0 | D:1      | Reached XP level 1. HP: 14/14 MP: 5/5
   211 | D:1      | Reached XP level 2. HP: 17/20 MP: 2/6
   226 | D:1      | Learned a level 2 spell: Scorch
   400 | D:1      | Found Quth's Antique Weapon Emporium.
   407 | D:1      | Reached XP level 3. HP: 25/26 MP: 5/8
   434 | D:2      | Found an iron altar of Okawaru.
   597 | D:2      | Found Sianniel's Assorted Antiques.
   640 | D:2      | Found the Hermit's Pendant {Faith Invo=14 Evo=0 MP+5}
   650 | D:2      | Reached XP level 4. HP: 33/33 MP: 5/10
   711 | D:2      | Found a faded altar of an unknown god.
   753 | D:3      | Gained mutation: You have a pair of small horns on your
                  | head. [potion of mutation]
   753 | D:3      | Gained mutation: You have hidden genetic defects. [potion
                  | of mutation]
   753 | D:3      | Gained mutation: You are partially covered in iridescent
                  | scales. (AC +2) [potion of mutation]
   765 | D:3      | Reached skill level 5 in Fire Magic
   765 | D:3      | Reached XP level 5. HP: 38/38 MP: 9/15
   778 | D:3      | Gained mutation: You are frail. (-10% HP) [hidden defects]
   834 | D:4      | Gained mutation: Your magical capacity is low. (-10% MP)
                  | [hidden defects]
   834 | D:4      | Lost mutation: You have hidden genetic defects. [hidden
                  | defects expressed]
   889 | D:4      | Learned a level 4 spell: Flame Wave
   917 | D:4      | Found a shimmering altar of Xom.
  1017 | D:4      | Noticed Edmund
  1034 | D:4      | Reached XP level 6. HP: 11/40 MP: 15/15
  1037 | D:4      | Killed Edmund
  1038 | D:4      | Reached skill level 5 in Conjurations
  1040 | D:4      | Reached XP level 7. HP: 15/45 MP: 6/16
  1097 | D:4      | Found a staircase to the Ecumenical Temple.
  1279 | Temple   | Entered the Ecumenical Temple
  1779 | Temple   | Glimpsed the power of Zot.
  1829 | Temple   | Glimpsed the power of Zot.
  2193 | D:5      | Entered Level 5 of the Dungeon
  2265 | D:5      | Reached skill level 5 in Spellcasting
  2433 | D:5      | Reached XP level 8. HP: 51/51 MP: 16/17
  2537 | D:5      | Found a transporter.
  2544 | D:5      | Found a transporter.
  2550 | D:5      | Noticed laqueoix's ghost (amateur OgGl)
  2666 | D:5      | Learned a level 4 spell: Olgreb's Toxic Radiance
  2669 | D:5      | Learned a level 2 spell: Blink
  2995 | D:5      | Reached skill level 1 in Poison Magic
  2996 | D:5      | Gained mutation: You passively map the area around you.
                  | [Meteoran growth]
  2996 | D:5      | Reached XP level 9. HP: 34/55 MP: 12/18
  3000 | D:5      | Killed laqueoix's ghost
  3001 | D:5      | Reached skill level 5 in Poison Magic
  3003 | D:5      | HP: 1/55 [gnoll sergeant/+0 trident (7)]
  3256 | D:6      | Found a glowing silver altar of Zin.
  3303 | D:6      | Found a hazy altar of Hepliaklqana.
  4026 | D:6      | Glimpsed the power of Zot.
  4076 | D:6      | Glimpsed the power of Zot.
  4116 | D:6      | Glimpsed the power of Zot.
  4257 | D:7      | Found Wykix's Book Boutique.
  4281 | D:7      | Found a glowing golden altar of the Shining One.
  4324 | D:7      | Reached skill level 1 in Fighting
  4324 | D:7      | Reached skill level 1 in Long Blades
  4337 | D:7      | Reached XP level 10. HP: 58/63 MP: 15/20
  4621 | D:7      | Glimpsed the power of Zot.
  4861 | D:8      | HP: 3/63 [orc warrior/+2 trident of flaming (18)]
  4861 | D:8      | Slain by an orc warrior

Illustrated notes

Levels and vault maps discovered:
D:1:      dpeg_arrival_circle_labyrinth_c, layout_basic, serial_shops,
          nicolae_lakefront_shop, shop
D:2:      layout_loops_ring, basic_altar,
          dreamdust_ecumenical_altar_angels_and_demons, serial_shops,
          nicolae_shop_overgrown_old_shop, chequers_serial_rivers_micro_b,
          kennysheep_small_spiral, dk_noncrumbling_2
D:3:      layout_rooms, gup_sewer_entry_bowl, st_stairs_14, uniq_natasha,
          uniq_sigmund, uniq_robin
D:4:      layout_basic, lemuel_round_altar, temple_doors_e, serial_rivers,
          chequers_serial_rivers_micro_a, chequers_serial_rivers_large_b,
          chequers_serial_rivers_micro_a, chequers_serial_rivers_micro_c,
          chequers_serial_rivers_marsh, chequers_serial_rivers_small_b,
          uniq_edmund
D:5:      layout_basic, gammafunk_ghost_arena, kb_lookout_dungeons_type
D:6:      layout_basic, mainiacjoe_overflow_concentric_impassable,
          lemuel_tele_altar
D:7:      layout_basic, mainiacjoe_overflow_catwalk, serial_shops, shop,
          interstate_on_off
D:8:      layout_loops_ring, mainiacjoe_overflow_alcove_1, uniq_maurice
Temple:   nicolae_temple_godzebo

Skill      XL: |  1  2  3  4  5  6  7  8  9 |
---------------+----------------------------+-----
Fire Magic     | 4 5 6 8 |  8.9
Spellcasting   | 3 4 5 7 8 |  8.7
Conjurations   | 2 3 5 6 |  6.6
Dodging        | 3 4 |  4.1
Poison Magic   | 3 6 |  6.5
Fighting       | 1 |  1.2
Long Blades    | 1 |  1.4
Stealth        | |  1.4
Translocations | |  0.1

Action                     |  1- 3 |  4- 6 |  7- 9 | 10-12 || total
---------------------------+-------+-------+-------+-------++-------
  Melee: Unarmed           |    12 |    10 |       |       ||    22
         Headbutt          |       |     3 |     7 |     2 ||    12
         Long sword        |       |       |    34 |    14 ||    48
   Cast: Foxfire           |    34 |    42 |    48 |     2 ||   126
         Scorch            |     8 |    12 |    47 |    11 ||    78
         Flame Wave        |       |     3 |    27 |     2 ||    32
         Blink             |       |       |     1 |       ||     1
         Olgreb's Toxic Ra |       |       |       |     3 ||     3
    Use: Scroll            |       |     3 |     9 |       ||    12
         Potion            |       |     3 |     2 |       ||     5
 Armour: Robe              |     6 |     8 |    27 |     5 ||    46
         Skin              |       |       |    29 |       ||    29
  Dodge: Dodged            |    13 |    21 |    50 |    17 ||   101
